 Dungeon Crawl Stone Soup version 0.27.0-1-g7a089689b8 (webtiles) character file.

Game seed: 16625129527284243056

319 infcreate the Shield-Bearer (level 6, -3/39 HPs)
             Began as a Gargoyle Fighter on Aug 7, 2021.
             Slain by a wight (5 damage)
             ... on level 4 of the Dungeon.
             The game lasted 00:05:23 (3953 turns).

infcreate the Shield-Bearer (Gargoyle Fighter)      Turns: 3953, Time: 00:05:24

Health: -3/39      AC: 14    Str: 20    XL:     6   Next: 45%
Magic:  6/6        EV:  5    Int: 10    God:
Gold:   173        SH:  9    Dex:  9    Spells: 5/5 levels left

rFire    . . .     SeeInvis .   a - +0 flail
rCold    . . .     Faith    .   c - +0 kite shield
rNeg     + . .     Spirit   .   l - +0 chain mail
rPois    ∞         Reflect  .   (no helmet)
rElec    +         Harm     .   (no cloak)
rCorr    .         Rampage  .   (no gloves)
Will     .....                  (no boots)
Stlth    ..........             (no amulet)
HPRegen  0.13/turn              (no ring)
MPRegen  0.10/turn              (no ring)

@: mighty
A: sickness immunity, AC +4, negative energy resistance 1, electricity
resistance, torment resistance 1, petrification resistance
a: no special abilities


You were on level 4 of the Dungeon.
You visited 1 branch of the dungeon, and saw 4 of its levels.

You collected 173 gold pieces.


Innate Abilities, Weirdness & Mutations

You are immune to sickness and miasma.
Your stone body is resilient. (AC +4)
You are immune to poison.
You resist negative energy. (rN+)
You are resistant to electric shocks. (rElec)
You are resistant to unholy torment.
You are immune to petrification.


   Skills:
 + Level 4.7 Fighting
 + Level 3.6 Maces & Flails
 + Level 4.7 Armour
 + Level 4.8 Shields


You had 5 spell levels left.
You didn't know any spells.
Your spell library was empty.

Inventory:

Hand Weapons
 a - a +0 flail (weapon)
Armour
 c - a +0 kite shield (worn)
 l - a +0 chain mail (worn)
Jewellery
 S - a +6 ring of strength
Wands
 p - a wand of polymorph (5)
Scrolls
 e - 5 scrolls of identify {unknown}
 f - 2 scrolls of fog {unknown}
 g - a scroll of teleportation {unknown}
 h - a scroll of amnesia {unknown}
 i - a scroll of immolation {unknown}
 j - a scroll of enchant weapon {unknown}
 n - a scroll of vulnerability {unknown}
 o - a scroll of magic mapping {unknown}
Potions
 b - 2 potions of magic {unknown}
 d - a potion of might
 k - 2 potions of heal wounds {unknown}
 m - a potion of ambrosia {unknown}

Dungeon Overview and Level Annotations

Branches:
Dungeon (4/15)
 Temple: D:4-7

Altars:

Shops:
D:3

= #.#.##.........# #.#.
#.#.......#.#### #.#.
#.#####.#.#.# #####.#'
#.......#.#z# #.......
#########.#.####.......
#.....##.......
###.#.##.......
########.#..'.z.....
######..@.....#..#.).....
#....'..z........#.<.....
#.####........##.#.......
#.# #........##.###'#...
#.# #............##.#.##
#.# #.......###.###.#.#
#.# #.......# #.# #.#.#
##.##############'###.#
#............##.......#


You could see a wight.


Message History

You hit the wight.
The wight is almost destroyed.
You block the wight's attack.
You hit the wight.
You destroy the wight!
Things that are here:
a +0 trident; a +0 robe
There is a stone staircase leading down here.
You start resting.
HP restored.
You climb downwards.
You block the wight's attack. The wight hits you with a +4 battleaxe!
There is a stone staircase leading up here.
Your shield prevents you from hitting the wight.
The wight hits you but does no damage.
You closely miss the wight. The wight hits you with a +4 battleaxe.
You hit the wight but do no damage. The wight hits you with a +4 battleaxe.
* * * LOW HITPOINT WARNING * * *
The wight hits you but does no damage.
Sorry, you're not good enough to have a special ability.
You feel very mighty all of a sudden. You block the wight's attack.
You closely miss the wight. The wight barely misses you.
Your shield prevents you from hitting the wight.
The wight barely misses you. The wight hits you with a +4 battleaxe!
* * * LOW HITPOINT WARNING * * *
You hit the wight.
The wight is moderately damaged.
The wight hits you with a +4 battleaxe.
You die...

Skill      XL: |  1  2  3  4 |
---------------+-------------+-----
Shields        | 4 |  4.8
Fighting       | 4 |  4.7
Armour         | 4 |  4.7
Maces & Flails | 3 |  3.6

Action                   |  1- 3 |  4- 6 || total
-------------------------+-------+-------++-------
Melee: Flail             |   111 |   175 ||   286
  Use: Potion            |       |     2 ||     2
Armor: Scale mail        |    22 |       ||    22
       Chain mail        |    30 |   102 ||   132
Dodge: Dodged            |    21 |    39 ||    60
Block: Kite shield       |    58 |    89 ||   147

Levels and vault maps discovered:
D:1:      dpeg_arrival_renting, layout_rooms, minmay_split_cup_small
D:2:      layout_loops_ring, dreamdust_ecumenical_altar_grove
D:3:      layout_basic, serial_shops, shop
D:4:      layout_basic

Notes
Turn   | Place    | Note
-------+----------+-------------------------------------------
     0 | D:1      | infcreate the Gargoyle Fighter began the quest for the Orb.
     0 | D:1      | Reached XP level 1. HP: 14/14 MP: 1/1
   180 | D:1      | Reached XP level 2. HP: 19/19 MP: 2/2
   332 | D:1      | Reached XP level 3. HP: 23/23 MP: 3/3
  1193 | D:2      | Found a faded altar of an unknown god.
  1328 | D:2      | Reached XP level 4. HP: 24/29 MP: 4/4
  1342 | D:2      | Reached skill level 4 in Shields
  1937 | D:2      | Reached skill level 4 in Fighting
  1956 | D:3      | Reached skill level 4 in Armour
  2134 | D:3      | Reached skill level 3 in Maces & Flails
  2134 | D:3      | Reached XP level 5. HP: 29/33 MP: 5/5
  2215 | D:3      | Found Rolosuba's Jewellery Emporium.
  2741 | D:4      | Noticed a phantom
  3239 | D:4      | Reached XP level 6. HP: 39/39 MP: 6/6
  3952 | D:4      | HP: 2/39 [wight (16)]
  3953 | D:4      | Slain by a wight

Vanquished Creatures
  A scorpion (D:4)
  2 wights (D:3)
  An iguana (D:3)
  2 hound skeletons
  3 adders
  A worm (D:3)
  A dart slug (D:1)
  10 orcs
  8 ball pythons
  9 endoplasms
  5 giant cockroaches
  5 goblins
  9 hobgoblins
  4 quokkas
  7 bats
  4 frilled lizards
  11 kobolds
  A rat (D:3)
84 creatures vanquished.

Table legend: (Time is in decaauts)
 A = Elapsed time spent in this place.
 B = Non-inter-level travel time spent in this place.
 C = Inter-level travel time spent in this place.
 D = Time resting spent in this place.
 E = Time spent auto-exploring this place.
 F = Levels seen in this place.
 G = Mean time per level.
                   A        B        C        D        E       F      G
               +--------+--------+--------+--------+--------+-----+--------+
         Total |   4094 |   3909 |    185 |    260 |   2819 |   4 | 1023.5 |
       Dungeon |   4094 |   3909 |    185 |    260 |   2819 |   4 | 1023.5 |
               +--------+--------+--------+--------+--------+-----+--------+

Top non-repeatable levels by time:
     D:2: 1329 daAuts
     D:3: 1145 daAuts
     D:4: 998 daAuts
     D:1: 620 daAuts

Table legend:
 A = Non-vault XP
 B = Vault XP
 C = Vault XP percentage of total XP
 D = Non-vault monster count
 E = Vault monster count
 F = Vault count percentage of total count
                 A         B        C        D         E       F
            +---------+---------+-------+---------+---------+-------
      Total |     451 |       5 |   1.1 |      81 |       3 |   3.6
            +---------+---------+-------+---------+---------+-------
        D:1 |      38 |       5 |  11.6 |      22 |       3 |  12.0
        D:2 |      68 |       0 |   0.0 |      26 |       0 |   0.0
        D:3 |     216 |       0 |   0.0 |      18 |       0 |   0.0
        D:4 |     129 |       0 |   0.0 |      15 |       0 |   0.0
            +---------+---------+-------+---------+---------+-------
